 Dungeon Crawl Stone Soup version 0.30-a0-341-g682706514a (webtiles) character file.

Game seed: 15425446739066147849

135 Harunobu the Trooper (level 5, -2/34 HPs)
             Began as a Gargoyle Monk on Nov 2, 2022.
             Killed by divine providence
             ... invoked by an orc priest
              (12 damage)
             ... on level 4 of the Dungeon.
             The game lasted 00:04:19 (2673 turns).

Harunobu the Trooper (Gargoyle Monk)                Turns: 2673, Time: 00:04:19

Health: -2/34      AC: 14    Str: 16    XL:     5   Next: 18%
Magic:  5/5        EV:  7    Int: 11    God:
Gold:   123        SH:  0    Dex: 12    Spells: 4/4 levels left

rFire   . . .      SeeInvis .    e - +2 whip (holy)
rCold   + . .      Faith    .    (no shield)
rNeg    + . .      Spirit   .    g - +0 chain mail {rC+}
rPois   ∞          Reflect  .    l - +0 helmet
rElec   +          Harm     .    (no cloak)
rCorr   .          Rampage  .    i - +0 pair of gloves
Will    .....                    (no boots)
Stlth   ..........               (no amulet)
HPRegen 0.25/turn                (no ring)
MPRegen 0.09/turn                (no ring)

@: no status effects
A: sickness immunity, AC +4, negative energy resistance 1, electricity
resistance, torment resistance 1, petrification resistance
a: no special abilities


You were on level 4 of the Dungeon.
You visited 1 branch of the dungeon, and saw 4 of its levels.

You collected 123 gold pieces.

Inventory:

Hand Weapons
 a - a +0 mace
 e - a +2 whip of holy wrath (weapon)
Armour
 b - a +0 robe
 g - a +0 chain mail of cold resistance (worn)
 i - a +0 pair of gloves (worn)
 l - a +0 helmet (worn)
Jewellery
 m - a ring of wizardry
Scrolls
 d - 5 scrolls of identify {unknown}
 f - a scroll of brand weapon {unknown}
 k - a scroll of amnesia {unknown}
 o - a scroll of teleportation {unknown}
 p - a scroll of poison {unknown}
 t - a scroll of butterflies {unknown}
Potions
 c - a potion of ambrosia
 h - 2 potions of cancellation {unknown}
 j - 5 potions of invisibility {unknown}
 n - 2 potions of berserk rage {unknown}
 q - 2 potions of haste {unknown}
 r - a potion of heal wounds {unknown}
 s - a potion of resistance {unknown}


   Skills:
 + Level 4.4 Fighting
 - Level 3.0 Maces & Flails
 + Level 3.3 Dodging
 + Level 3.9 Stealth


You had 4 spell levels left.
You didn't know any spells.
Your spell library contained the following spells:

 Spells                   Type           Power      Damage    Failure   Level
 Call Canine Familiar     Summ           0%         N/A       100%        3
 Portal Projectile        Hex/Tloc       0%         N/A       100%        3
 Leda's Liquefaction      Hex/Erth       0%         N/A       100%        4
 Fireball                 Conj/Fire      0%         3d3       100%        5
 Iskenderun's Battlesphe  Conj           0%         2d6       100%        5
 Conjure Ball Lightning   Conj/Air       0%         3x3d6     100%        6
 Orb of Destruction       Conj           0%         9d5       100%        7


Dungeon Overview and Level Annotations

Branches:
Dungeon (4/15)
 Temple: D:4-7

Altars:
Fedhas
Nemelex Xobeh
Uskayaw


Innate Abilities, Weirdness & Mutations

You are immune to sickness and miasma.
Your stone body is resilient. (AC +4)
You are immune to poison.
You resist negative energy. (rN+)
You are resistant to electric shocks. (rElec)
You are resistant to unholy torment.
You are immune to petrification.


Message History

There is an open door here.
You closely miss the orc priest. You whack the orc!
The orc is almost dead.
The orc priest calls upon Beogh to heal the orc.
The orc is healed somewhat.
You hit the orc.
You kill the orc!
The orc hits you but does no damage.
The orc priest hits you with a +0 hand axe.
You see here a +0 flail.
You hit the orc priest.
The orc priest is moderately wounded.
The orc hits you but does no damage. The orc priest barely misses you.
You closely miss the orc priest.
The orc priest is moderately wounded.
The orc hits you but does no damage. The orc priest barely misses you.
You hit the orc priest.
The orc priest is heavily wounded.
The orc hits you with a +0 short sword. The orc priest barely misses you.
You hit the orc priest.
The orc priest is severely wounded.
The orc hits you but does no damage.
The orc priest hits you with a +0 hand axe.
You barely miss the orc priest.
The orc priest is severely wounded.
The orc hits you but does no damage.
The orc priest invokes the aid of Beogh against you.
Beogh smites you!
You hit the orc priest.
The orc priest is severely wounded.
The orc hits you but does no damage.
The orc priest looks encouraged for a moment.
You hit the orc priest.
The orc priest is almost dead.
The orc hits you with a +0 short sword.
* * * LOW HITPOINT WARNING * * *
The orc priest invokes the aid of Beogh against you.
Beogh smites you!
You die...

####################
...................#
........#######....#
.######.#........#
.# #.#.......##
.######.#####..####
.......>......#'#o##
#######.####.###@o.#
......#.# #..#+#.##
###.#.#.# ##..# ##
....# #.# ...# ..<.#
#.# ..).# ..#.# #..
...... .<..# #.#
#.###.# ..### .# ..
...#


You could see an orc priest and an orc.

Vanquished Creatures
  A scorpion (D:3)
  An adder (D:2)
  A worm (D:3)
  A dart slug (D:2)
  3 orcs
  5 endoplasms
  2 giant cockroaches (D:1)
  6 goblins
  3 hobgoblins
  3 kobolds
  3 quokkas
  11 ball pythons
  6 bats
  2 frilled lizards
  7 rats
55 creatures vanquished.

Notes
Turn   | Place    | Note
-------+----------+-------------------------------------------
     0 | D:1      | Harunobu the Gargoyle Monk began the quest for the Orb.
     0 | D:1      | Reached XP level 1. HP: 14/14 MP: 1/1
    94 | D:1      | Reached XP level 2. HP: 19/19 MP: 2/2
   505 | D:1      | Reached XP level 3. HP: 24/24 MP: 3/3
  1541 | D:2      | Reached skill level 4 in Fighting
  1760 | D:3      | Reached XP level 4. HP: 13/29 MP: 4/4
  2080 | D:3      | Found a hide-covered altar of Uskayaw.
  2130 | D:3      | Found a blossoming altar of Fedhas.
  2537 | D:4      | Noticed a scorpion
  2590 | D:3      | Killed a scorpion
  2591 | D:3      | Reached XP level 5. HP: 28/34 MP: 5/5
  2661 | D:4      | Found a sparkling altar of Nemelex Xobeh.
  2673 | D:4      | Killed from afar by an orc priest

Illustrated notes

Levels and vault maps discovered:
D:1:      matt_arrival_refuge, layout_rooms
D:2:      layout_loops_corners
D:3:      layout_basic, lemuel_tele_altar, nicolae_uskayaw_dance_hall,
          chequers_serial_rivers_room_b
D:4:      layout_basic, mainiacjoe_overflow_cross_hatched,
          nemelex_diamond_rough_becter, nicolae_dithmenos_shadow_blocks

Skill      XL: |  1  2  3 |
---------------+----------+-----
Stealth        | 3 |  3.9
Fighting       | 4 |  4.4
Dodging        | 3 |  3.3
Maces & Flails | |  3.0

Action                   |  1- 3 |  4- 6 || total
-------------------------+-------+-------++-------
Melee: Mace              |     8 |       ||     8
       Whip              |   137 |    61 ||   198
       Punch             |     1 |       ||     1
 Stab: Sleeping          |     1 |       ||     1
Armor: Robe              |    15 |       ||    15
       Chain mail        |    82 |    37 ||   119
Dodge: Dodged            |    79 |    15 ||    94

Table legend: (Time is in decaauts)
 A = Elapsed time spent in this place.
 B = Non-inter-level travel time spent in this place.
 C = Inter-level travel time spent in this place.
 D = Time resting spent in this place.
 E = Time spent auto-exploring this place.
 F = Levels seen in this place.
 G = Mean time per level.
                   A        B        C        D        E       F      G
               +--------+--------+--------+--------+--------+-----+--------+
         Total |   2666 |   2532 |    134 |    377 |   1582 |   4 |  666.5 |
       Dungeon |   2666 |   2532 |    134 |    377 |   1582 |   4 |  666.5 |
               +--------+--------+--------+--------+--------+-----+--------+

Top non-repeatable levels by time:
     D:2: 1016 daAuts
     D:3: 895 daAuts
     D:1: 682 daAuts
     D:4: 72 daAuts
